 Dungeon Crawl Stone Soup version 0.17.0-18-gaab0e96 (webtiles) character file.

147 st0uf the Cudgeler (level 5, 0/41 HPs)
             Began as a Demonspawn Gladiator on Nov 11, 2015.
             Slain by an orc
             ... wielding a +0 mace
              (5 damage)
             ... on level 3 of the Dungeon.
             The game lasted 00:13:29 (3053 turns).

st0uf the Cudgeler (Demonspawn Gladiator)           Turns: 3053, Time: 00:13:31

Health: 0/41       AC:  3    Str: 15 (16) XL:     5   Next: 8%
Magic:  5/5        EV: 13    Int: 10      God:
Gold:   69         SH:  0    Dex: 13      Spells: 0 memorised, 4 levels left

rFire  . . .     SeeInvis .     l - +0 mace
rCold  . . .     Clarity  .     b - +0 leather armour
rNeg   . . .     SustAt   .     (no shield)
rPois  .         Gourm    .     (helmet restricted)
rElec  .         Spirit   .     (no cloak)
rCorr  .         Warding  .     (no gloves)
rMut   .         Stasis   .     (no boots)
MR     .....                    (no amulet)
Stlth  +.........               (no ring)
                                (no ring)

@: not resistant to hostile enchantments, very unstealthy
A: antennae 2
a: no special abilities


You were on level 3 of the Dungeon.
You were not hungry.

You visited 1 branch of the dungeon, and saw 3 of its levels.

You collected 69 gold pieces.

Inventory:

Hand Weapons
 a - a +0 flail
 l - a +0 mace (weapon)
Missiles
 d - 3 throwing nets (quivered)
Armour
 b - a +0 leather armour (worn)
 c - a +0 helmet
Scrolls
 f - 2 scrolls of recharging {unknown}
 j - a scroll of random uselessness {unknown}
 k - 2 scrolls of fear {unknown}
 n - 3 scrolls of noise {unknown}
 q - 2 scrolls of enchant armour {unknown}
 r - 2 scrolls of remove curse {unknown}
 s - 2 scrolls of enchant weapon {unknown}
 t - a scroll of identify {unknown}
 u - a scroll of magic mapping {unknown}
Potions
 i - a potion of experience {unknown}
 p - a potion of brilliance
Comestibles
 e - a bread ration
 g - 3 chunks of flesh
 h - a beef jerky
 m - 2 fruits
 o - a meat ration


   Skills:
 + Level 3.0 Fighting
 + Level 3.6 Maces & Flails
 - Level 1.7 Throwing
 + Level 1.8 Armour
 + Level 3.5 Dodging


You had 4 spell levels left.
You didn't know any spells.

Dungeon Overview and Level Annotations

Branches:
Dungeon (3/15)

Altars:
Cheibriados
Elyvilon
Xom
Zin
The Shining One


Innate Abilities, Weirdness & Mutations

You have a pair of antennae on your head.


Message History

You hit the orc priest but do no damage.
The orc priest is moderately wounded.
The orc priest hits you but does no damage.
The orc hits you. The orc hits you with a mace!
You hit the orc priest but do no damage.
The orc priest is moderately wounded.
The orc priest hits you with a short sword.
* * * LOW HITPOINT WARNING * * *
The orc hits you.
* * * LOW HITPOINT WARNING * * *
The orc hits you with a mace.
* * * LOW HITPOINT WARNING * * *
The orc priest barely misses you.
You hit the orc priest.
The orc priest is heavily wounded.
The orc hits you.
* * * LOW HITPOINT WARNING * * *
The orc priest hits you but does no damage.
The orc hits you with a mace.
You die...

##[##...#.#.<
#...#...#.##.##### ##
.....................
.....#.#####.##.##(.
.....#.#####.......
....##.......##..# #
.⌠..#####........##.#.#
..♣♣#####.......oo....#
...♣♣...........@#
P...♣♣###.>.....o#
.._.♣ #...........o...
_...♣ #.......##..#.##
...♣♣ #.......# ..#
♣♣♣♣ ...####### .# .###
.# . ..


You could see an orc priest and 2 orcs.

Vanquished Creatures
  4 gnolls
  4 adders
  2 oozes (D:1)
  A worm (D:2)
  4 giant geckos
  An orc (D:3)
  8 bats
  4 giant cockroaches
  5 goblins
  7 hobgoblins
  5 kobolds
  A quokka (D:2)
  A ball python (D:3)
  3 giant newts
  3 jackals (D:1)
  8 rats (D:1)
61 creatures vanquished.

Notes
Turn   | Place    | Note
--------------------------------------------------------------
     0 | D:1      | st0uf the Demonspawn Gladiator began the quest for the Orb.
     0 | D:1      | Reached XP level 1. HP: 16/16 MP: 1/1
   238 | D:1      | Gained mutation: You have a pair of small antennae on your head. [demonic ancestry]
   238 | D:1      | Reached XP level 2. HP: 15/22 MP: 2/2
   411 | D:1      | Reached skill level 3 in Dodging
   566 | D:1      | Reached skill level 1 in Armour
   592 | D:1      | Gained mutation: You have a pair of antennae on your head. [demonic ancestry]
   592 | D:1      | Reached XP level 3. HP: 2/27 MP: 3/3
  1817 | D:2      | Reached XP level 4. HP: 25/34 MP: 4/4
  1977 | D:2      | Found a shimmering altar of Xom.
  1979 | D:2      | Found a shimmering altar of Xom.
  1979 | D:2      | Found a shimmering altar of Xom.
  1980 | D:2      | Found a shimmering altar of Xom.
  1982 | D:2      | Found a shimmering altar of Xom.
  1993 | D:2      | Found a snail-covered altar of Cheibriados.
  3012 | D:3      | Reached XP level 5. HP: 33/41 MP: 5/5
  3021 | D:3      | Found a white marble altar of Elyvilon.
  3021 | D:3      | Found a glowing golden altar of the Shining One.
  3022 | D:3      | Found a glowing silver altar of Zin.
  3053 | D:3      | Slain by an orc

Action                   |  1- 3 |  4- 6 || total
-------------------------+-------+-------++-------
Melee: Flail             |    15 |       ||    15
       Mace              |   107 |   125 ||   232
  Use: Potion            |     3 |     2 ||     5
 Stab: Sleeping          |     1 |       ||     1
  Eat: Chunk             |     3 |     4 ||     7
